 Dungeon Crawl Stone Soup version 0.30-a0-141-g30f27751c5 (webtiles) character file.

Game seed: 11735856006719359080

456 qw the Chopper (level 7, -3/44 HPs)
             Began as a Gargoyle Fighter on Sept 25, 2022.
             Slain by a hornet (7 damage)
             ... on level 3 of the Dungeon.
             The game lasted 00:01:26 (3971 turns).

qw the Chopper (Gargoyle Fighter)                   Turns: 3971, Time: 00:01:27

Health: -3/44      AC: 20    Str: 22    XL:     7   Next: 6%
Magic:  7/7        EV:  6    Int:  8    God:
Gold:   284        SH:  4    Dex:  9    Spells: 6/6 levels left

rFire   . . .      SeeInvis .    Y - +0 war axe
rCold   . . .      Faith    .    c - +0 buckler
rNeg    + . .      Spirit   .    f - +0 plate armour
rPois   inf        Reflect  .    l - +1 helmet
rElec   +          Harm     .    k - +0 cloak
rCorr   .          Rampage  .    n - +0 pair of gloves
Will    .....                    (no boots)
Stlth   ..........               (no amulet)
HPRegen 0.14/turn                (no ring)
MPRegen 0.10/turn                (no ring)

@: no status effects
A: sickness immunity, AC +4, negative energy resistance 1, electricity
resistance, torment resistance 1, petrification resistance
a: no special abilities


You were on level 3 of the Dungeon.
You visited 1 branch of the dungeon, and saw 6 of its levels.

You collected 284 gold pieces.


Innate Abilities, Weirdness & Mutations

You are immune to sickness and miasma.
Your stone body is resilient. (AC +4)
You are immune to poison.
You resist negative energy. (rN+)
You are resistant to electric shocks. (rElec)
You are resistant to unholy torment.
You are immune to petrification.


   Skills:
 - Level 4.3 Fighting
 + Level 5.8 Axes
 - Level 2.0 Throwing
 - Level 3.2 Armour
 - Level 3.2 Shields


You had 6 spell levels left.
You didn't know any spells.
Your spell library was empty.

Inventory:

Hand Weapons
 b - a +0 whip
 Y - a +0 war axe (weapon)
Missiles
 m - 2 silver boomerangs (quivered)
Armour
 c - a +0 buckler (worn)
 f - a +0 plate armour (worn)
 k - a +0 cloak (worn)
 l - a +1 helmet (worn)
 n - a +0 pair of gloves (worn)
Scrolls
 e - a scroll of identify
Potions
 a - a potion of attraction {unknown}
 d - a potion of might
 g - a potion of cancellation {unknown}
 i - 2 potions of curing

Dungeon Overview and Level Annotations

Branches:
Dungeon (6/15)
 Temple: D:4-7

Altars:
Cheibriados
Sif Muna

Shops:
D:2 =


Message History

You swing at nothing.
You swing at nothing.
You swing at nothing.
You swing at nothing.
You swing at nothing.
You swing at nothing.
You swing at nothing.
3927 ||| Invisible monster not found???
Autopickup is now on.
Partly explored, can't reach some items.
(D) Dungeon
Where to? (* - list waypoints, Enter - D:4, ? - help)
What level of the Dungeon? (default 1, ? - help)
There is a stone staircase leading down here.
You climb downwards.
The hornet buzzes angrily.
The hornet closely misses you.
Found a stone staircase leading up.
There is a stone staircase leading up here.
A hornet is nearby!
You barely miss the hornet.
The hornet stings you but does no damage.
You barely miss the hornet. The hornet stings you! The hornet stings you.
An ogre comes into view. It is wielding a +0 giant spiked club.
3966 ||| STAIRDANCE The hornet stings you! x2
You climb upwards.
There is a stone staircase leading down here.
You hit the hornet.
The hornet is lightly wounded.
The hornet stings you but does no damage. x2
You closely miss the hornet. The hornet stings you. x2
You slash the hornet!
The hornet is heavily wounded.
The hornet completely misses you.
You hit the hornet.
The hornet is heavily wounded.
The hornet stings you!
You die...

####.#.<#.......# #.###..##.....
#...........###.###.#....#######
#.##.#............#...##.#######
#.##.##....####.#.#..###.......#
#.##.##.......#.#.#.## #######.#
#.........###.#.....######......
#####.#.......#...#.##.....###.#
#.#.#######y#.#.##.....###.#
#.#.#......@................
#.#.#.........#.##....######
#####.#.#######.#...##....#
#............##.#'####....#
#.###.#.#....#.....# #....#
#...#.#.#....#.....# #....#
###.#.#.#...[#.....###....#
####.#...#....#........#######
...#.#...#....##'#..##.# #...#


You could see a hornet.

Vanquished Creatures
  A sky beast (D:6)
  A necrophage (D:6)
  2 hounds (D:3)
  An orc wizard (D:6)
  Natasha (twice) (D:3)
  4 gnolls
  5 adders
  2 worms (D:2)
  6 dart slugs
  5 orcs
  8 endoplasms
  2 giant cockroaches
  A goblin (D:2)
  5 hobgoblins (D:2)
  4 kobolds
  A quokka (D:1)
  6 ball pythons
  9 bats
  3 frilled lizards
  6 rats
74 creatures vanquished.

Notes
Turn   | Place    | Note
-------+----------+-------------------------------------------
     0 | D:1      | qw the Gargoyle Fighter began the quest for the Orb.
     0 | D:1      | Reached XP level 1. HP: 14/14 MP: 1/1
     0 | D:1      | 0 ||| qw: Version: 0.2-a-10-g399e6c4
     0 | D:1      | 0 ||| qw: Game counter: 372
     0 | D:1      | 0 ||| qw: Always use a shield: true
     0 | D:1      | 0 ||| qw: God list: Okawaru
     0 | D:1      | 0 ||| qw: Allow faded altars: false
     0 | D:1      | 0 ||| qw: Do Orc after D:15 true
     0 | D:1      | 0 ||| qw: Do second Lair branch before Depths: true
     0 | D:1      | 0 ||| qw: Lair rune preference: random
     0 | D:1      | 0 ||| qw: Plans: Normal, Zot:1-4, God:TSO, Crypt, Tomb,
                  | Pan, Slime:5, Hells, Abyss, Orb
     0 | D:1      | 0 ||| PLANNING D:1-11
    81 | D:1      | Reached skill level 2 in Axes
   208 | D:1      | Reached XP level 2. HP: 11/19 MP: 2/2
   506 | D:1      | Found a faded altar of an unknown god.
   687 | D:1      | Reached skill level 3 in Axes
   763 | D:1      | Reached XP level 3. HP: 23/23 MP: 3/3
   927 | D:1      | 927 ||| UPGRADING to +0 cloak.
   932 | D:1      | 932 ||| UPGRADING to +0 helmet.
   937 | D:1      | 937 ||| UPGRADING to +0 chain mail.
   947 | D:1      | 947 ||| DROPPING +0 scale mail.
   948 | D:1      | 948 ||| DROPPING ring of magical power.
   949 | D:1      | 949 ||| READING 2 scrolls labelled PUPSYA JUZEWK.
   950 | D:1      | 950 ||| READING scroll of enchant armour.
   950 | D:1      | 950 ||| ENCHANTING +0 helmet.
   951 | D:1      | 951 ||| READING scroll labelled HEGRAOQ WUWOSU.
   952 | D:1      | 952 ||| READING scroll labelled CETOAQA WACE.
  1053 | D:1      | 1053 ||| READING scroll labelled ASIGRE TUIL.
  1056 | D:1      | 1056 ||| READING scroll labelled QAKEXK CUSU.
  1109 | D:2      | 1109 ||| DROPPING +0 club.
  1471 | D:2      | 1471 ||| Stepping ~*~*~tactically~*~*~ (stealth).
  1473 | D:2      | 1473 ||| Stepping ~*~*~tactically~*~*~ (hiding).
  1493 | D:2      | Reached XP level 4. HP: 24/28 MP: 4/4
  1634 | D:2      | Reached skill level 4 in Axes
  1691 | D:2      | 1691 ||| Stepping ~*~*~tactically~*~*~ (stealth).
  1693 | D:2      | 1693 ||| Stepping ~*~*~tactically~*~*~ (stealth).
  1695 | D:2      | 1695 ||| Stepping ~*~*~tactically~*~*~ (stealth).
  1781 | D:2      | 1781 ||| Stepping ~*~*~tactically~*~*~ (stealth).
  1964 | D:2      | 1964 ||| Stepping ~*~*~tactically~*~*~ (hiding).
  1966 | D:2      | 1966 ||| Stepping ~*~*~tactically~*~*~ (hiding).
  2244 | D:2      | Found Vaehey's Jewellery Shop.
  2247 | D:2      | 2247 ||| SHOPLISTING +6 ring of strength (468 gold, have
                  | 161).
  2247 | D:2      | 2247 ||| SHOPLISTING ring of Pejathrui {Ice rElec Dex+6}
                  | (670 gold, have 161).
  2247 | D:2      | 2247 ||| SHOPLISTING ring of positive energy (260 gold,
                  | have 161).
  2312 | D:2      | Reached XP level 5. HP: 32/32 MP: 5/5
  2373 | D:2      | 2373 ||| UPGRADING to +0 pair of gloves.
  2378 | D:2      | 2378 ||| DROPPING ring of flight.
  2379 | D:2      | 2379 ||| READING scroll labelled TONOYDITOTH.
  2380 | D:2      | 2380 ||| READING scroll labelled NEMMACSEISI.
  2381 | D:2      | 2381 ||| READING scroll labelled YTHAOBBOVAR.
  2382 | D:2      | 2382 ||| DRINKING 2 red potions.
  2702 | D:3      | Noticed Natasha
  2711 | D:3      | Killed Natasha
  2716 | D:3      | Noticed Natasha
  2717 | D:3      | 2717 ||| Stepping ~*~*~tactically~*~*~ (stealth).
  2718 | D:3      | 2718 ||| Stepping ~*~*~tactically~*~*~ (stealth).
  2827 | D:3      | Killed Natasha
  2828 | D:3      | Reached skill level 5 in Axes
  2960 | D:3      | You fall into a shaft and drop 3 floors!
  2960 | D:6      | Found a snail-covered altar of Cheibriados.
  2965 | D:6      | 2965 ||| UPGRADING to +0 plate armour.
  2988 | D:6      | Reached XP level 6. HP: 21/37 MP: 6/6
  3115 | D:6      | 3115 ||| DROPPING +0 chain mail.
  3134 | D:6      | Noticed a sky beast
  3140 | D:6      | Killed a sky beast
  3176 | D:6      | 3176 ||| READING scroll labelled QUICHEMICO.
  3185 | D:5      | Entered Level 5 of the Dungeon
  3186 | D:5      | 3186 ||| FLEEEEING.
  3187 | D:5      | 3187 ||| FLEEEEING.
  3188 | D:5      | 3188 ||| STAIRDANCE
  3364 | D:3      | 3364 ||| Stepping ~*~*~tactically~*~*~ (stealth).
  3366 | D:3      | 3366 ||| Stepping ~*~*~tactically~*~*~ (stealth).
  3573 | D:3      | Reached XP level 7. HP: 33/44 MP: 7/7
  3809 | D:3      | Found a shimmering blue altar of Sif Muna.
  3817 | D:3      | 3817 ||| DRINKING 3 potions of curing.
  3817 | D:3      | 3817 ||| (to cure confusion)
  3824 | D:3      | 3824 ||| FLEEEEING.
  3927 | D:3      | 3927 ||| Invisible monster not found???
  3963 | D:4      | Noticed a hornet
  3966 | D:4      | 3966 ||| STAIRDANCE
  3966 | D:4      | HP: 9/44 [hornet (12)]
  3969 | D:3      | HP: 4/44 [hornet (1)]
  3971 | D:3      | Slain by a hornet

Levels and vault maps discovered:
D:1:      minmay_arrival_four_loops, layout_rooms,
          hellmonk_ecumenical_altar_arch_garden
D:2:      layout_rooms, serial_shops, nicolae_shop_window_shopping,
          kennysheep_nub, minmay_pentomino_u2
D:3:      layout_basic, led_sif_book, cheibrodos_gnoll_hut, uniq_natasha
D:4:      layout_loops_ring, nrook_uturn, abandoned_shop, uniq_robin
D:5:      cheibrodos_fzero, layout_basic, nicolae_overflow_hidden_temple,
          hangedman_abyss_or_decor_stabs, serial_bayou_pond_d, uniq_duvessa
D:6:      minmay_clustersquares, layout_basic, mainiacjoe_overflow_catwalk,
          amcnicky_altar_gilded, minmay_temple_entry_mist, serial_corexii_hall,
          chequers_hall_statues_corner_a, corexii_hall_statues_t

Skill      XL: |  1  2  3  4  5  6 |
---------------+-------------------+-----
Axes           | 2 3 4 5 |  5.8
Throwing       | 2 |  2.0
Fighting       | 4 |  4.3
Armour         | |  3.2
Shields        | |  3.2

Action                   |  1- 3 |  4- 6 |  7- 9 || total
-------------------------+-------+-------+-------++-------
Melee: War axe           |   109 |   148 |    11 ||   268
Throw: Boomerang         |       |    18 |       ||    18
  Use: Scroll            |     6 |     4 |       ||    10
       Potion            |       |     1 |     1 ||     2
Armor: Scale mail        |    42 |       |       ||    42
       Chain mail        |    24 |    44 |       ||    68
       Plate armour      |       |    34 |     6 ||    40
       Skin              |       |     1 |       ||     1
Dodge: Dodged            |    53 |    46 |     3 ||   102
Block: Buckler           |    25 |    17 |       ||    42

Table legend:
 A = Non-vault XP
 B = Vault XP
 C = Vault XP percentage of total XP
 D = Non-vault monster count
 E = Vault monster count
 F = Vault count percentage of total count
                 A         B        C        D         E       F
            +---------+---------+-------+---------+---------+-------
      Total |     518 |     134 |  20.6 |      68 |       6 |   8.1
            +---------+---------+-------+---------+---------+-------
        D:1 |      37 |       0 |   0.0 |      21 |       0 |   0.0
        D:2 |     125 |       3 |   2.3 |      26 |       2 |   7.1
        D:3 |      72 |     131 |  64.5 |      13 |       4 |  23.5
        D:4 |      16 |       0 |   0.0 |       2 |       0 |   0.0
        D:6 |     268 |       0 |   0.0 |       6 |       0 |   0.0
            +---------+---------+-------+---------+---------+-------
